 Dungeon Crawl Stone Soup version 0.31-a0-435-g2c6fae2916 (webtiles) character file.

Game seed: 3643099577613478887

1141 Dirtsage the Mimic (level 8, -6/48 HPs)
             Began as an Octopode Shapeshifter on Aug 2, 2023.
             Was an Initiate of Elyvilon.
             Mangled by Duvessa
             ... wielding a +0 rapier
              (12 damage)
             ... on level 5 of the Dungeon.
             The game lasted 00:09:36 (4285 turns).

Dirtsage the Mimic (Octopode Shapeshifter)          Turns: 4285, Time: 00:09:36

Health: -6/48      AC:  1    Str: 16    XL:     8   Next: 37%
Magic:  8/8        EV: 13    Int: 10    God:    Elyvilon [......]
Gold:   168        SH:  0    Dex: 13    Spells: 7/7 levels left

rFire   . .          .
                       - Unarmed
rCold   . . .        (no shield)
rNeg    . . .        (helmet currently unavailable)
rPois   .            (no amulet)
rElec   .            C - ring of resist corrosion
rCorr   +            (no ring)
SInv    .            (no ring)
Will    .....        (no ring)
Stlth   ++           (no ring)
HPRegen 0.28/turn    (no ring)
MPRegen 0.11/turn    (no ring)
                     (no ring)

%: no passive effects
@: about to teleport, beast-form
A: beast (slay +6), almost no armour, amphibious, 8 rings, camouflage 1,
gelatinous body 1, (nimble swimmer 1), tentacles
a: Begin Untransformation, Renounce Religion


You were on level 5 of the Dungeon.
You worshipped Elyvilon.
Elyvilon was noncommittal.
You were a hulking beast.
You visited 2 branches of the dungeon, and saw 6 of its levels.
You also visited: Ossuary.

You collected 168 gold pieces.

Inventory:

Jewellery
 C - a ring of resist corrosion (left tentacle)
Talismans
 b - a beast talisman (active)
Wands
 w - a wand of roots (10)
Scrolls
 c - a scroll of revelation
 g - a scroll of immolation
 h - a scroll of fog
 k - 3 scrolls of amnesia
 l - a scroll of noise
 n - a scroll of silence
 o - 2 scrolls of enchant armour
 t - a scroll of teleportation
 x - a scroll of vulnerability
 B - a scroll of blinking
Potions
 a - a potion of lignification
 d - 2 potions of might {unknown}
 e - a potion of magic {unknown}
 f - 2 potions of berserk rage {unknown}
 j - 2 potions of heal wounds {unknown}
 p - 3 potions of enlightenment {unknown}
 q - 4 potions of curing
 r - 2 potions of degeneration {unknown}
 s - a potion of mutation {unknown}
 u - a potion of ambrosia {unknown}
 v - a potion of resistance {unknown}
 z - a potion of attraction {unknown}


   Skills:
 - Level 1.0 Fighting
 - Level 2.0 Dodging
 - Level 3.0 Unarmed Combat
 + Level 8.7 Shapeshifting


You had 7 spell levels left.
You didn't know any spells.
Your spell library contained the following spells:

 Spells                   Type           Power      Damage    Failure   Level
 Necrotise                Necr           0%         1d4       36%         1
 Sting                    Tmut/Pois      0%         1d3       36%         1
 Poisonous Vapours        Pois/Air       0%         N/A       50%         2
 Vampiric Draining        Necr           0%         2d6       75%         3
 Olgreb's Toxic Radiance  Pois           0%         N/A       98%         4
 Agony                    Necr           0%         N/A       100%        5


Dungeon Overview and Level Annotations

Branches:
Dungeon (5/15)             Temple (1/1) D:4         Ossuary (visited)

Altars:
Ashenzari
Cheibriados
Dithmenos
Elyvilon
Fedhas
Gozag
Hepliaklqana
Makhleb
Okawaru
Qazlal
Ru
Sif Muna
Trog
Uskayaw
Xom
Yredelemnul
Zin

Shops:
D:2 [

Annotations:
D:5 Dowan, Duvessa


Innate Abilities, Weirdness & Mutations

You are a hulking beast.
Your limbs bulge with bestial killing power. (Slay +6)
You cannot wear most types of armour.
You are amphibious.
You can wear up to eight rings at the same time.
Your skin changes colour to match your surroundings (Stealth+).
Your rubbery body absorbs attacks. (AC +1, EV +1)
((You are camouflaged when in or above water. (Stealth+)))
You have tentacles for arms and can constrict up to eight enemies at once.


Message History

You constrict Duvessa.
The grasping roots constrict the ogre.
The roots release their grip on the ogre.
Duvessa hits you with a +0 rapier!
You take 8 damage, and have 40/48 hp.
You tentacle-slap Duvessa.
Duvessa is heavily wounded.
You constrict Duvessa, but do no damage.
You tentacle-slap Duvessa but do no damage.
Your squeeze misses Duvessa.
Duvessa is heavily wounded.
You constrict Duvessa, but do no damage.
Duvessa hits you with a +0 rapier!
You take 10 damage, and have 30/48 hp.
MASSIVE DAMAGE!!
You tentacle-slap Duvessa.
Duvessa is severely wounded.
You constrict Duvessa. Duvessa hits you with a +0 rapier.
You take 2 damage, and have 28/48 hp.
You tentacle-slap Duvessa but do no damage.
Duvessa is severely wounded.
You constrict Duvessa. Duvessa hits you with a +0 rapier!
* * * LOW HITPOINT WARNING * * *
You take 15 damage, and have 13/48 hp.
MASSIVE DAMAGE!!
You release your grip on Duvessa.
Dowan casts a spell.
Dowan blinks!
Aiming: Fastroot
Press: ? - help, Shift-Dir - straight line, f - Duvessa
Aim: Duvessa, wielding a +0 rapier and wearing a +0 scale mail (severely wounded)
The roots erupt in riotous growth!
Roots grab Duvessa.
The grasping roots constrict Duvessa, but do no damage.
Duvessa hits you with a +0 rapier!
* * * LOW HITPOINT WARNING * * *
You take 8 damage, and have 6/48 hp.
The grasping roots constrict Duvessa, but do no damage.
The roots release their grip on Duvessa.
There is a stone staircase leading up here.
As you read the scroll of teleportation, it crumbles to dust.
You feel strangely unstable. Duvessa hits you with a +0 rapier!
You die...

#
####.#####
#...O.ยง...
#O##.####.
#e# # #h#
#.# #.# #.#
#.# #.# ...
###


You could see Duvessa and an ogre.

Vanquished Creatures
  11 scorpions
  A centaur zombie (Ossuary)
  2 human zombies (Ossuary)
  An orc priest (D:3)
  Jessica (D:3)
  2 orc wizards (D:3)
  5 scorpion zombies (Ossuary)
  3 mummies (Ossuary)
  5 adders
  2 dart slugs (D:2)
  9 orcs
  7 endoplasms
  4 giant cockroaches
  5 hobgoblins
  5 quokkas
  2 ball pythons
  2 bats
  2 frilled lizards
  3 gnoll zombies (Ossuary)
  6 goblins
  3 goblin zombies (Ossuary)
  2 hobgoblin zombies (Ossuary)
  9 kobolds
  2 kobold zombies (Ossuary)
  2 orc zombies (Ossuary)
  9 rats
105 creatures vanquished.

Notes
Turn   | Place    | Note
-------+----------+-------------------------------------------
     0 | D:1      | Dirtsage the Octopode Shapeshifter began the quest for the
                  | Orb.
     0 | D:1      | Reached XP level 1. HP: 13/13 MP: 1/1
   163 | D:1      | Reached XP level 2. HP: 18/18 MP: 2/2
   513 | D:1      | Reached XP level 3. HP: 19/23 MP: 3/3
   738 | D:2      | Found Xijo's Armour Emporium.
   851 | D:2      | Reached skill level 4 in Shapeshifting
  1096 | D:2      | Reached XP level 4. HP: 25/28 MP: 4/4
  1134 | D:2      | Found a blossoming altar of Fedhas.
  1344 | D:3      | Found a broken altar of Ashenzari.
  1695 | D:3      | Reached XP level 5. HP: 33/33 MP: 5/5
  1710 | D:3      | Reached skill level 5 in Shapeshifting
  2146 | D:3      | Found a basalt altar of Yredelemnul.
  2175 | D:3      | Noticed Jessica
  2178 | D:3      | Killed Jessica
  2457 | D:4      | Found a sand-covered staircase.
  2466 | Ossuary  | Entered an ossuary
  2481 | Ossuary  | Reached XP level 6. HP: 37/38 MP: 6/6
  2539 | Ossuary  | Reached skill level 6 in Shapeshifting
  2650 | Ossuary  | Reached XP level 7. HP: 30/43 MP: 7/7
  2727 | Ossuary  | HP: 2/43 [mummy (9)]
  2895 | Ossuary  | Reached skill level 7 in Shapeshifting
  3197 | Ossuary  | Reached skill level 8 in Shapeshifting
  3197 | Ossuary  | Reached XP level 8. HP: 48/48 MP: 8/8
  3485 | D:4      | Found a sacrificial altar of Ru.
  3512 | D:4      | Identified the +5 dagger of Ycipso {flame, rN+ Str+3 Dex-3}
  3704 | D:4      | Found a staircase to the Ecumenical Temple.
  3711 | Temple   | Entered the Ecumenical Temple
  3724 | Temple   | Became a worshipper of Elyvilon the Healer
  3979 | D:4      | Found a hazy altar of Hepliaklqana.
  4265 | D:5      | Entered Level 5 of the Dungeon
  4269 | D:5      | Noticed Duvessa
  4270 | D:5      | Noticed Dowan
  4285 | D:5      | Mangled by Duvessa

Illustrated notes

Levels and vault maps discovered:
D:1:      minmay_arrival_stone_box, layout_basic, minmay_liquid_box,
          serial_bayou_pond_c, nrook_uturn,
          nicolae_concentric_dashed_squares_wild, minmay_tromino_v4_b
D:2:      layout_basic, basic_altar, serial_shops, shop
D:3:      layout_loops_cross, yredelemnul_altar_generic,
          ashenzari_conservatory_becter, uniq_jessica
D:4:      layout_loops_ring, nicolae_ru_sacrificial_ziggurat,
          old_standard_altar, minmay_temple_entry_metal_lava,
          lightli_ossuary_entry_decrepit_ruins
D:5:      layout_loops_ring, uniq_duvessa
Temple:   nicolae_temple_god_jail

Skill      XL: |  1  2  3  4  5  6  7 |
---------------+----------------------+-----
Shapeshifting  | 4 5 6 8 |  8.7
Fighting       | |  1.0
Dodging        | |  2.0
Unarmed Combat | |  3.0

Action                     |  1- 3 |  4- 6 |  7- 9 || total
---------------------------+-------+-------+-------++-------
  Melee: Unarmed           |    71 |    89 |    91 ||   251
         Constrict         |    16 |    25 |    21 ||    62
         Tentacles         |    13 |    33 |    18 ||    64
         Punch             |       |     3 |     3 ||     6
  Evoke: Wand              |       |       |     3 ||     3
    Use: Potion            |       |       |     2 ||     2
         Scroll            |       |       |    11 ||    11
   Stab: Sleeping          |    10 |     4 |     2 ||    16
         Distracted        |     1 |       |       ||     1
 Armour: Skin              |     2 |     5 |    27 ||    34
  Dodge: Dodged            |    29 |    46 |    43 ||   118

Table legend: (Time is in decaauts)
 A = Elapsed time spent in this place.
 B = Non-inter-level travel time spent in this place.
 C = Inter-level travel time spent in this place.
 D = Time resting spent in this place.
 E = Time spent auto-exploring this place.
 F = Levels seen in this place.
 G = Mean time per level.
                   A        B        C        D        E       F      G
               +--------+--------+--------+--------+--------+-----+--------+
         Total |   4270 |   4101 |    169 |    179 |   3121 |   7 |  610.0 |
       Dungeon |   3295 |   3135 |    160 |     37 |   2587 |   5 |  659.0 |
        Temple |     23 |     14 |      9 |      0 |      0 |   1 |   23.0 |
       Ossuary |    951 |    951 |      0 |    142 |    534 |   1 |  951.0 |
               +--------+--------+--------+--------+--------+-----+--------+

Top non-repeatable levels by time:
 Ossuary: 951 daAuts
     D:3: 939 daAuts
     D:4: 868 daAuts
     D:2: 742 daAuts
     D:1: 726 daAuts
  Temple: 23 daAuts
     D:5: 19 daAuts
